AoeStats
← Dodô Pressão

African Clearing

504640828Analyzed
4v4 RM · 27d ago on Sep 6, 2026· 64m 54s· 8 players
Game mode
Random Map
Map size
Large (8 player)
Population
200
Speed
Normal
Resources
Standard
Victory
Conquest
Starting age
Dark Age
Ending age
Imperial Age
RankedLock teamsTeams togetherTeam positionsShared explorationLock speedFull tech treeHidden civsTurbo modeCheats
Victory
Defeat
🇲🇽 Aztecs · Mexico
734
+10
🇲🇽 Celts · Mexico
734
+10
🇻🇳 Vietnamese · Vietnam
541
+17
🇲🇽 Koreans · Mexico
475
+19
🇦🇷 Vikings · Argentina
624
-16
🇧🇷 Saracens · Brazil
601
-15
🇮🇳 Persians · India
547
-13
🇧🇷 Georgians · Brazil
538
-12
GhostQuery72
13:40 Loom
15:39 Feudal Age
19:24 Horse Collar
20:07 Double-Bit Axe
23:25 Castle Age
25:40 Stone Mining
28:30 Wheelbarrow
28:41 Wheelbarrow
29:14 Bow Saw
29:11 Heavy Plow
29:12 Gold Mining
31:46 Hand Cart
33:08 Pikeman
33:48 Squires
34:40 Town Watch
37:00 Arson
37:01 Gambesons
37:29 Forging
37:25 Scale Barding Armor
40:29 Imperial Age
41:10 Conscription
42:21 Two-Man Saw
43:37 Halberdier
45:03 Iron Casting
44:49 Chain Barding Armor
46:33 Elite War Elephant
56:06 Plate Barding Armor
57:26 Chemistry
58:12 Blast Furnace
57:25 Scale Mail Armor
60:51 Chain Mail Armor
Dodô Pressão
16:17 Feudal Age
17:42 Wheelbarrow
19:46 Double-Bit Axe
19:55 Gold Mining
26:09 Castle Age
29:06 Wheelbarrow
31:04 Bow Saw
31:49 Hand Cart
34:41 Man-at-Arms
35:11 Arson
35:34 Long Swordsman
37:28 Stone Mining
40:20 Imperial Age
40:16 Stone Shaft Mining
40:36 Cavalier
40:55 Capped Ram
42:55 Siege Ram
47:28 Crossbowman
48:28 Elite Monaspa
50:50 Onager
54:34 Forging
54:30 Scale Barding Armor
57:02 Iron Casting
evairdaniel
6:20 Loom
16:56 Feudal Age
17:23 Double-Bit Axe
18:09 Gold Mining
20:59 Wheelbarrow
20:17 Man-at-Arms
23:43 Bloodlines
27:47 Forging
27:37 Scale Mail Armor
27:38 Padded Archer Armor
35:13 Scale Barding Armor
34:59 Fletching
44:03 Stone Mining
46:41 Castle Age
51:44 Bow Saw
55:31 Bimaristan
santiagoledesma30
3:07 Loom
15:46 Feudal Age
18:20 Double-Bit Axe
20:03 Forging
19:55 Scale Mail Armor
27:37 Castle Age
dudu_14040_r6
18:05 Feudal Age
18:24 Man-at-Arms
18:53 Horse Collar
21:50 Loom
25:17 Arson
29:06 Castle Age
29:58 Heavy Plow
31:33 Forging
31:24 Scale Mail Armor
32:38 Long Swordsman
33:54 Double-Bit Axe
36:10 Gambesons
36:26 Squires
38:33 Bow Saw
38:46 Stone Mining
38:40 Crossbowman
38:52 Pikeman
47:48 Wheelbarrow
50:08 Imperial Age
50:10 Elite Jaguar Warrior
52:09 Hand Cart
53:11 Stone Shaft Mining
53:11 Conscription
53:12 Gold Mining
53:20 Gold Mining
54:51 Gold Shaft Mining
55:46 Crop Rotation
57:00 Garland Wars
58:41 Iron Casting
58:22 Chain Mail Armor
66:19 Blast Furnace
65:49 Plate Mail Armor
JimbowXP
5:18 Loom
17:08 Feudal Age
18:42 Double-Bit Axe
19:43 Horse Collar
19:41 Man-at-Arms
27:27 Castle Age
29:31 Long Swordsman
36:27 Forging
36:19 Scale Mail Armor
38:57 Pikeman
39:23 Arson
44:56 Imperial Age
42:54 Gambesons
46:27 Bow Saw
46:00 Capped Ram
50:16 Halberdier
51:55 Iron Casting
52:24 Conscription
55:22 Husbandry
54:43 Cavalier
57:05 Blast Furnace
56:21 Chain Mail Armor
56:11 Scale Barding Armor
56:19 Fortified Wall
55:52 Treadmill Crane
56:26 Furor Celtica
58:35 Heavy Scorpion
62:10 Paladin
63:30 Plate Mail Armor
El_ñ0ngas_
5:27 Loom
15:52 Feudal Age
19:00 Town Watch
22:03 Double-Bit Axe
25:03 Fletching
30:38 Castle Age
30:24 Horse Collar
30:47 Crossbowman
31:28 Bodkin Arrow
35:06 Ballistics
36:10 Town Patrol
36:48 Wheelbarrow
37:26 Bow Saw
43:57 Imperial Age
43:40 Forging
43:49 Gold Mining
45:52 Chemistry
47:50 Town Patrol
48:05 Hand Cart
48:31 Heavy Plow
50:46 Elite War Wagon
60:07 Bracer
61:16 Iron Casting
60:40 Murder Holes
63:40 Fortified Wall
64:27 Conscription
64:42 Shinkichon
Dai Viet
20:12 Feudal Age
18:30 Loom
31:11 Castle Age
38:35 Elite Skirmisher
38:46 Pikeman
39:36 Squires
40:39 Horse Collar
40:57 Gold Mining
43:54 Imperial Age
43:16 Thumb Ring
44:25 Forging
44:23 Heavy Plow
47:14 Wheelbarrow
47:59 Crop Rotation
47:23 Double-Bit Axe
48:31 Hand Cart
49:06 Stone Mining
48:48 Halberdier
49:02 Imperial Skirmisher
51:42 Caravan
53:30 Chemistry
52:56 Ballistics
52:28 Heated Shot
52:49 Padded Archer Armor
61:29 Iron Casting
60:44 Fletching
61:10 Leather Archer Armor
60:55 Scale Mail Armor
60:56 Murder Holes
61:12 Fortified Wall
60:50 Arrowslits
61:28 Bombard Tower
61:44 Bow Saw
61:23 Onager
63:58 Elite Rattan Archer
Connection lost

Rejoining the realm…

Still unreachable

The connection could not be restored.

Session expired

The server has moved on; the page needs a fresh start.